 Dungeon Crawl Stone Soup version 0.30-a0-373-gd37427bb62 (webtiles) character file.

Game seed: 741709575067833777

662 Maxmaps the Ducker (level 7, -1/60 HPs)
             Began as a Gnoll Monk on Nov 23, 2022.
             Was a Believer of Cheibriados.
             Slain by a hound (3 damage)
             ... on level 5 of the Dungeon.
             The game lasted 00:04:29 (4234 turns).

Maxmaps the Ducker (Gnoll Monk)                     Turns: 4234, Time: 00:04:30

Health: -1/60      AC:  8    Str: 14    XL:     7   Next: 56%
Magic:  11/11      EV:  9    Int: 15    God:    Cheibriados [**....]
Gold:   737        SH:  0    Dex: 19    Spells: 11/11 levels left

rFire   . . .      SeeInvis .    g - +2 whip (elec)
rCold   . . .      Faith    .    (no shield)
rNeg    . . .      Spirit   .    f - +0 chain mail
rPois   .          Reflect  .    (no helmet)
rElec   .          Harm     .    (no cloak)
rCorr   .          Rampage  .    (no gloves)
Will    +....                    (no boots)
Stlth   ..........               (no amulet)
HPRegen 0.30/turn                n - ring of willpower
MPRegen 0.12/turn                l - ring of wizardry

@: very slow
A: fangs 1, strong nose, distributed training
a: Renounce Religion, Bend Time


You were on level 5 of the Dungeon.
You worshipped Cheibriados.
Cheibriados was pleased with you.
You visited 2 branches of the dungeon, and saw 6 of its levels.
You also visited: Sewer.

You collected 737 gold pieces.

Inventory:

Hand Weapons
 g - a +2 whip of electrocution (weapon)
Armour
 b - a +0 robe
 e - a +1 leather armour
 f - a +0 chain mail (worn)
Jewellery
 l - a ring of wizardry (right hand)
 n - a ring of willpower (left hand)
Scrolls
 a - a scroll of amnesia {unknown}
 c - 4 scrolls of fog {unknown}
 p - a scroll of blinking {unknown}
Potions
 d - a potion of lignification {unknown}
 h - a potion of might {unknown}
 i - a potion of heal wounds
 j - 2 potions of berserk rage {unknown}
 k - a potion of mutation {unknown}
 m - 2 potions of curing {unknown}
 o - 2 potions of haste {unknown}


   Skills:
 + Level 7.1 Fighting
 + Level 2.6 Short Blades
 + Level 7.1 Long Blades
 + Level 2.6 Axes
 + Level 2.6 Maces & Flails
 + Level 2.6 Polearms
 + Level 2.6 Staves
 + Level 2.6 Ranged Weapons
 + Level 2.6 Throwing
 + Level 2.6 Armour
 + Level 7.1 Dodging
 + Level 5.0 Stealth
 + Level 2.6 Shields
 + Level 2.6 Unarmed Combat
 + Level 2.6 Spellcasting
 + Level 2.1 Conjurations
 + Level 2.1 Hexes
 + Level 2.1 Summonings
 + Level 2.1 Necromancy
 + Level 2.1 Translocations
 + Level 2.1 Transmutations
 + Level 2.1 Fire Magic
 + Level 2.1 Ice Magic
 + Level 2.1 Air Magic
 + Level 2.1 Earth Magic
 + Level 2.1 Poison Magic
 + Level 3.0 Invocations
 + Level 2.6 Evocations


You had 11 spell levels left.
You didn't know any spells.
Your spell library contained the following spells:

 Spells                   Type           Power      Damage    Failure   Level
 Blink                    Tloc           16%        N/A       75%         2
 Momentum Strike          Conj/Tloc      16%        3d8       75%         2
 Lesser Beckoning         Tloc           16%        N/A       91%         3


Dungeon Overview and Level Annotations

Branches:
Dungeon (5/15)             Temple (1/1) D:4           Sewer (visited)

Altars:
Cheibriados
Elyvilon
Fedhas
Gozag
Kikubaaqudgha
Makhleb
Okawaru
Qazlal
Sif Muna
Trog
Wu Jian
Zin
The Shining One

Annotations:
D:3 Grinder


Innate Abilities, Weirdness & Mutations

You have very sharp teeth.
Your uncanny sense of smell can sniff out nearby items.
Your experience applies equally to all skills.


Message History

You feel sick. The hound bites you but does no damage.
You barely miss the hound.
The hound is moderately wounded.
The hound bites you but does no damage.
You hit the hound. Your bite misses the hound.
The hound is moderately wounded.
You feel sick.
You are no longer poisoned.
The hound bites you.
* * * LOW HITPOINT WARNING * * *
The hound bites you but does no damage.
You barely miss the hound. You bite the hound, but do no damage.
The hound is moderately wounded.
The hound bites you but does no damage.
You hit the hound.
The hound is moderately wounded.
The hound bites you.
* * * LOW HITPOINT WARNING * * *
The hound bites you but does no damage.
You closely miss the hound.
The hound is moderately wounded.
The hound bites you.
* * * LOW HITPOINT WARNING * * *
Unknown command.
You hit the hound.
The hound is heavily wounded.
The hound bites you.
* * * LOW HITPOINT WARNING * * *
The hound bites you.
* * * LOW HITPOINT WARNING * * *
You hit the hound.
The hound is severely wounded.
An adder comes into view.
The hound barely misses you.
The adder hisses angrily.
You hit the hound. You punch the hound.
The hound is almost dead.
The hound barely misses you. The adder bites you but does no damage.
The hound bites you.
You die...

#...........
#.........# .
#........# ...h
.#........##..###
.........<.......
..........###.##.
.#####sh### ##h#
#@# #.S..# #..###
...# ##.. #.. ..
...


You could see a scorpion, 2 hounds and an adder.

Vanquished Creatures
  Sigmund (D:4)
  An ogre (D:4)
  A necrophage (D:4)
  An iguana (D:4)
  3 orc wizards
  A gnoll (D:1)
  9 adders
  7 river rats
  An ufetubus (D:5)
  A worm (D:3)
  5 dart slugs
  8 orcs
  9 ball pythons
  4 endoplasms
  6 giant cockroaches
  6 goblins
  2 hobgoblins (D:1)
  5 jackals
  2 quokkas
  5 bats
  2 frilled lizards
  11 kobolds
  4 rats
95 creatures vanquished.

Vanquished Creatures (others)
  13 plants (Sewer)
13 creatures vanquished.

Grand Total: 108 creatures vanquished

Notes
Turn   | Place    | Note
-------+----------+-------------------------------------------
     0 | D:1      | Maxmaps the Gnoll Monk began the quest for the Orb.
     0 | D:1      | Reached XP level 1. HP: 23/23 MP: 1/1
   107 | D:1      | Reached XP level 2. HP: 29/29 MP: 2/2
   562 | D:1      | Reached XP level 3. HP: 35/35 MP: 3/3
   609 | D:1      | Reached skill level 1 in Invocations
   740 | D:1      | Reached skill level 1 in Short Blades
   740 | D:1      | Reached skill level 1 in Axes
   740 | D:1      | Reached skill level 1 in Maces & Flails
   740 | D:1      | Reached skill level 1 in Polearms
   740 | D:1      | Reached skill level 1 in Staves
   740 | D:1      | Reached skill level 1 in Ranged Weapons
   740 | D:1      | Reached skill level 1 in Throwing
   740 | D:1      | Reached skill level 1 in Armour
   740 | D:1      | Reached skill level 1 in Shields
   740 | D:1      | Reached skill level 1 in Unarmed Combat
   740 | D:1      | Reached skill level 1 in Spellcasting
   740 | D:1      | Reached skill level 1 in Evocations
   964 | D:2      | Reached XP level 4. HP: 29/41 MP: 5/5
  1311 | D:2      | Reached skill level 1 in Conjurations
  1311 | D:2      | Reached skill level 1 in Hexes
  1311 | D:2      | Reached skill level 1 in Summonings
  1311 | D:2      | Reached skill level 1 in Necromancy
  1311 | D:2      | Reached skill level 1 in Translocations
  1311 | D:2      | Reached skill level 1 in Transmutations
  1311 | D:2      | Reached skill level 1 in Fire Magic
  1311 | D:2      | Reached skill level 1 in Ice Magic
  1311 | D:2      | Reached skill level 1 in Air Magic
  1311 | D:2      | Reached skill level 1 in Earth Magic
  1311 | D:2      | Reached skill level 1 in Poison Magic
  1777 | D:3      | Found a faded altar of an unknown god.
  1904 | D:3      | Noticed Grinder
  1920 | D:3      | Reached XP level 5. HP: 9/47 MP: 5/7
  1920 | D:3      | HP: 1/47 [Grinder (6)]
  1935 | D:4      | Identified a scroll of acquirement
  1935 | D:4      | Acquired 588 gold pieces
  2076 | D:4      | Noticed Sigmund
  2089 | D:4      | Killed Sigmund
  2090 | D:4      | Reached XP level 6. HP: 18/53 MP: 7/9
  2530 | D:4      | Reached XP level 7. HP: 47/60 MP: 10/10
  2536 | D:4      | Found a glowing drain.
  2592 | Sewer    | Entered a sewer
  3586 | D:4      | Found a staircase to the Ecumenical Temple.
  3596 | Temple   | Entered the Ecumenical Temple
  3827 | Temple   | Became a worshipper of Cheibriados the Contemplative
  3827 | Temple   | Reached * piety under Cheibriados
  3827 | Temple   | Reached ** piety under Cheibriados
  4017 | D:4      | Reached skill level 5 in Stealth
  4207 | D:5      | Entered Level 5 of the Dungeon
  4232 | D:5      | HP: 1/60 [hound (4)]
  4234 | D:5      | Slain by a hound

Illustrated notes

Levels and vault maps discovered:
D:1:      roderic_chinese_lattice_arrival, layout_basic
D:2:      layout_loops_ring, minmay_misc_feat_chi
D:3:      layout_basic, regret_index_temple_of_mockery,
          nicolae_ecumenical_lake_church, minmay_misc_feat_ornament,
          kennysheep_boxes, uniq_robin, uniq_grinder
D:4:      minmay_wonky_spiral, layout_gridville, minmay_temple_entry_hall,
          portal_sewer_entry_a, uniq_sigmund
D:5:      layout_rooms
Temple:   nicolae_temple_figure_eight

Skill      XL: |  1  2  3  4  5  6  7 |
---------------+----------------------+-----
Invocations    | 1 2 3 |  3.0
Short Blades   | 1 2 |  2.6
Axes           | 1 2 |  2.6
Maces & Flails | 1 2 |  2.6
Polearms       | 1 2 |  2.6
Staves         | 1 2 |  2.6
Ranged Weapons | 1 2 |  2.6
Throwing       | 1 2 |  2.6
Armour         | 1 2 |  2.6
Shields        | 1 2 |  2.6
Unarmed Combat | 1 2 |  2.6
Spellcasting   | 1 2 |  2.6
Evocations     | 1 2 |  2.6
Conjurations   | 1 2 |  2.1
Hexes          | 1 2 |  2.1
Summonings     | 1 2 |  2.1
Necromancy     | 1 2 |  2.1
Translocations | 1 2 |  2.1
Transmutations | 1 2 |  2.1
Fire Magic     | 1 2 |  2.1
Ice Magic      | 1 2 |  2.1
Air Magic      | 1 2 |  2.1
Earth Magic    | 1 2 |  2.1
Poison Magic   | 1 2 |  2.1
Fighting       | 7 |  7.1
Long Blades    | 7 |  7.1
Dodging        | 7 |  7.1
Stealth        | 5 |  5.0

Action                   |  1- 3 |  4- 6 |  7- 9 || total
-------------------------+-------+-------+-------++-------
Melee: Falchion          |    16 |       |       ||    16
       Whip              |    63 |   124 |   211 ||   398
       Bite              |     6 |    10 |    20 ||    36
       Punch             |     1 |     1 |     6 ||     8
  Use: Scroll            |       |     3 |     1 ||     4
       Potion            |       |     4 |       ||     4
 Stab: Sleeping          |     2 |     3 |       ||     5
Armor: Robe              |     6 |       |       ||     6
       Leather armour    |    11 |    27 |       ||    38
       Chain mail        |       |       |   105 ||   105
Dodge: Dodged            |    52 |    75 |    85 ||   212

Table legend: (Time is in decaauts)
 A = Elapsed time spent in this place.
 B = Non-inter-level travel time spent in this place.
 C = Inter-level travel time spent in this place.
 D = Time resting spent in this place.
 E = Time spent auto-exploring this place.
 F = Levels seen in this place.
 G = Mean time per level.
                   A        B        C        D        E       F      G
               +--------+--------+--------+--------+--------+-----+--------+
         Total |   4499 |   4349 |    150 |    403 |   2895 |   7 |  642.7 |
       Dungeon |   3083 |   3002 |     81 |    339 |   1962 |   5 |  616.6 |
        Temple |    268 |    200 |     68 |      0 |    196 |   1 |  268.0 |
         Sewer |   1146 |   1146 |      0 |     64 |    737 |   1 | 1146.0 |
               +--------+--------+--------+--------+--------+-----+--------+

Top non-repeatable levels by time:
   Sewer: 1146 daAuts
     D:4: 1117 daAuts
     D:1: 874 daAuts
     D:2: 835 daAuts
  Temple: 268 daAuts
     D:3: 227 daAuts
     D:5: 28 daAuts
